 Dungeon Crawl Stone Soup version 0.31-a0-180-g519b7de00c (webtiles) character file.

Game seed: 4595644050862707774

350 qw the Shooter (level 6, -2/58 HPs)
             Began as a Naga Hunter on June 19, 2023.
             Killed from afar by Dowan (24 damage)
             ... with a shard of ice
             ... on level 4 of the Dungeon.
             The game lasted 00:01:06 (2544 turns).

qw the Shooter (Naga Hunter)                        Turns: 2544, Time: 00:01:07

Health: -2/58      AC:  3    Str: 14    XL:     6   Next: 60%
Magic:  6/6        EV:  9    Int:  9    God:
Gold:   144        SH:  0    Dex: 16    Spells: 5/5 levels left

rFire   . . .        Y - +0 shortbow
rCold   . . .        (shield currently unavailable)
rNeg    . . .        c - +0 leather armour
rPois   +            (no helmet)
rElec   .            (no cloak)
rCorr   .            (no gloves)
SInv    +            (no barding)
Will    .....        (no amulet)
Stlth   ++           (no ring)
HPRegen 0.29/turn    (no ring)
MPRegen 0.10/turn

%: no passive effects
@: short of breath, very slow
A: AC +2, large, see invisible, deformed body, poison resistance, slowness 2,
spit poison 1, naga tail 1
a: Spit Poison


You were on level 4 of the Dungeon.
You visited 1 branch of the dungeon, and saw 4 of its levels.

You collected 144 gold pieces.


Innate Abilities, Weirdness & Mutations

Your serpentine skin is tough. (AC +2)
You have supernaturally acute eyesight. (SInv)
Armour fits poorly on your strangely shaped body.
Your system is resistant to poisons. (rPois)
You cover ground very slowly.
You can spit poison.
You have a snake-like lower body.


   Skills:
 - Level 4.4 Fighting
 + Level 6.0 Ranged Weapons
 - Level 1.5 Dodging
 - Level 1.5 Stealth


You had 5 spell levels left.
You didn't know any spells.
Your spell library was empty.

Inventory:

Hand Weapons
 Y - a +0 shortbow (weapon)
Armour
 b - a +1 pair of gloves
 c - a +0 leather armour (worn)
Scrolls
 d - a scroll of teleportation {unknown}
Potions
 a - 2 potions of curing
 e - a potion of enlightenment {unknown}
 h - a potion of mutation {unknown}

Dungeon Overview and Level Annotations

Branches:
Dungeon (4/15)
 Temple: D:4-7

Altars:
Elyvilon
Xom

Annotations:
D:4 Dowan


Message History

Dowan hits you with a +0 dagger.
Duvessa says, "Where magic fails, the sword succeeds!"
Duvessa barely misses you.
You shoot an arrow. The arrow hits Duvessa.
Duvessa is severely wounded.
Duvessa closely misses you. Dowan closely misses you.
You shoot an arrow. The arrow barely misses Duvessa.
Duvessa looks more healthy.
Duvessa hits you but does no damage. Dowan hits you with a +0 dagger.
You shoot an arrow. The arrow hits Duvessa.
Duvessa is almost dead.
You have got your breath back.
Duvessa hits you with a +0 short sword of holy wrath.
Dowan points at Duvessa and mumbles some strange words.
Duvessa seems to speed up.
2541 ||| INVOKING Spit Poison.
Aiming: Spit Poison (1% risk of failure)
Press: ? - help, Shift-Dir - straight line, f/p - Duvessa The splash of poison hits Duvessa but does no damage.
Duvessa is poisoned.
Duvessa is almost dead.
Duvessa hits you with a +0 short sword of holy wrath!
Dowan hits you with a +0 dagger.
Duvessa hits you with a +0 short sword of holy wrath.
You shoot an arrow. The arrow hits Duvessa.
You kill Duvessa!
Dowan seems overcome with grief.
Dowan seems to find hidden reserves of power!
Dowan hits you but does no damage.
Dowan gestures wildly while chanting.
Dowan blinks!
Your Fighting skill increases to level 4!
You shoot an arrow. The arrow hits Dowan!
Dowan is moderately wounded.
Dowan casts a spell at you. The stone arrow hits you!
You shoot an arrow. The arrow misses Dowan.
Dowan gestures at you while chanting. The shard of ice hits you!!
You die...

.. ##. .. ..#
#.######## #.#.......
#####)#.......
#.....@.......
#..##.ยค.e.....
#..##.........
#..%..........
#...##........~~.~~##.
#...##.#.###.~~~~#~~.##
#..........~~~~~~~~~~~.
##..###...~~~~~~~~~~~#~
#....##..~~#~~~~~~~~#~


You could see Dowan (fast).

Vanquished Creatures
  Duvessa (D:4)
  A scorpion (D:3)
  A hound (D:4)
  3 gnolls (D:2)
  5 adders
  3 worms (D:2)
  8 dart slugs
  3 orcs (D:3)
  3 endoplasms
  3 giant cockroaches
  5 hobgoblins
  2 jackals (D:1)
  A quokka (D:2)
  8 ball pythons
  7 bats
  4 frilled lizards
  5 goblins
  2 kobolds
  8 rats
73 creatures vanquished.

Notes
Turn   | Place    | Note
-------+----------+-------------------------------------------
     0 | D:1      | qw the Naga Hunter began the quest for the Orb.
     0 | D:1      | Reached XP level 1. HP: 19/19 MP: 1/1
     0 | D:1      | 0 ||| qw: Version: 0.3-a-7-ge0c9b40
     0 | D:1      | 0 ||| qw: Game counter: 968
     0 | D:1      | 0 ||| qw: Always use a shield: true
     0 | D:1      | 0 ||| qw: God list: Okawaru
     0 | D:1      | 0 ||| qw: Allow faded altars: false
     0 | D:1      | 0 ||| qw: Do Orc after D:15 true
     0 | D:1      | 0 ||| qw: Do second Lair branch before Depths: true
     0 | D:1      | 0 ||| qw: Lair rune preference: random
     0 | D:1      | 0 ||| qw: Plans: Normal
     0 | D:1      | 0 ||| PLANNING D:1-11
    24 | D:1      | 24 ||| INVOKING Spit Poison.
    30 | D:1      | 30 ||| INVOKING Spit Poison.
    70 | D:1      | 70 ||| INVOKING Spit Poison.
   110 | D:1      | 110 ||| INVOKING Spit Poison.
   114 | D:1      | 114 ||| INVOKING Spit Poison.
   115 | D:1      | Reached skill level 4 in Ranged Weapons
   115 | D:1      | Reached XP level 2. HP: 21/26 MP: 2/2
   202 | D:1      | 202 ||| INVOKING Spit Poison.
   225 | D:1      | 225 ||| INVOKING Spit Poison.
   260 | D:1      | 260 ||| INVOKING Spit Poison.
   372 | D:1      | 372 ||| INVOKING Spit Poison.
   577 | D:1      | 577 ||| INVOKING Spit Poison.
   600 | D:1      | 600 ||| INVOKING Spit Poison.
   659 | D:1      | 659 ||| DROPPING ring of flight.
   660 | D:1      | 660 ||| READING 2 scrolls labelled NUAGUZO IPSIUR.
   661 | D:1      | 661 ||| DROPPING scroll of blinking.
   662 | D:1      | 662 ||| DROPPING scroll of butterflies.
   684 | D:2      | 684 ||| INVOKING Spit Poison.
   702 | D:2      | 702 ||| INVOKING Spit Poison.
   705 | D:2      | Reached XP level 3. HP: 32/32 MP: 3/3
   707 | D:2      | 707 ||| INVOKING Spit Poison.
   710 | D:2      | 710 ||| INVOKING Spit Poison.
   716 | D:2      | 716 ||| INVOKING Spit Poison.
   726 | D:2      | 726 ||| INVOKING Spit Poison.
   744 | D:2      | 744 ||| INVOKING Spit Poison.
   752 | D:2      | 752 ||| INVOKING Spit Poison.
   757 | D:2      | 757 ||| INVOKING Spit Poison.
   761 | D:2      | Reached skill level 5 in Ranged Weapons
   761 | D:2      | Reached XP level 4. HP: 36/39 MP: 4/4
   762 | D:2      | 762 ||| INVOKING Spit Poison.
   862 | D:2      | 862 ||| INVOKING Spit Poison.
   880 | D:2      | 880 ||| INVOKING Spit Poison.
   936 | D:2      | 936 ||| INVOKING Spit Poison.
   989 | D:2      | 989 ||| INVOKING Spit Poison.
  1004 | D:2      | 1004 ||| INVOKING Spit Poison.
  1010 | D:2      | 1010 ||| INVOKING Spit Poison.
  1039 | D:2      | 1039 ||| INVOKING Spit Poison.
  1078 | D:2      | 1078 ||| INVOKING Spit Poison.
  1085 | D:2      | 1085 ||| INVOKING Spit Poison.
  1086 | D:2      | Reached skill level 3 in Fighting
  1090 | D:2      | 1090 ||| INVOKING Spit Poison.
  1156 | D:2      | 1156 ||| READING scroll labelled ADUGYSM USTROXU.
  1157 | D:2      | 1157 ||| READING scroll labelled SEUDASM LUNUSI.
  1158 | D:2      | 1158 ||| READING scroll labelled GYED DODWEMADDUMA.
  1159 | D:2      | 1159 ||| READING scroll labelled FIUHYA DONLAMICU.
  1160 | D:2      | 1160 ||| DRINKING 2 murky silvery potions.
  1206 | D:3      | 1206 ||| INVOKING Spit Poison.
  1331 | D:3      | Noticed a scorpion
  1332 | D:3      | 1332 ||| INVOKING Spit Poison.
  1335 | D:3      | 1335 ||| INVOKING Spit Poison.
  1337 | D:3      | Killed a scorpion
  1338 | D:3      | Reached XP level 5. HP: 25/49 MP: 5/5
  1338 | D:3      | 1338 ||| INVOKING Spit Poison.
  1342 | D:3      | 1342 ||| INVOKING Spit Poison.
  1442 | D:3      | Found a white marble altar of Elyvilon.
  1456 | D:3      | Found a shimmering altar of Xom.
  1458 | D:3      | 1458 ||| INVOKING Spit Poison.
  1468 | D:3      | 1468 ||| INVOKING Spit Poison.
  1516 | D:3      | 1516 ||| INVOKING Spit Poison.
  1531 | D:3      | 1531 ||| INVOKING Spit Poison.
  1618 | D:3      | 1618 ||| INVOKING Spit Poison.
  1650 | D:3      | 1650 ||| INVOKING Spit Poison.
  1665 | D:3      | 1665 ||| INVOKING Spit Poison.
  1685 | D:3      | 1685 ||| INVOKING Spit Poison.
  1702 | D:3      | 1702 ||| INVOKING Spit Poison.
  1710 | D:3      | 1710 ||| INVOKING Spit Poison.
  1716 | D:3      | 1716 ||| INVOKING Spit Poison.
  2026 | D:3      | 2026 ||| INVOKING Spit Poison.
  2096 | D:3      | 2096 ||| READING scroll labelled YTEPPALITU.
  2226 | D:4      | 2226 ||| STAIRDANCE
  2230 | D:4      | 2230 ||| STAIRDANCE
  2234 | D:4      | 2234 ||| STAIRDANCE
  2245 | D:4      | 2245 ||| STAIRDANCE
  2254 | D:4      | 2254 ||| STAIRDANCE
  2268 | D:4      | 2268 ||| STAIRDANCE
  2272 | D:4      | 2272 ||| STAIRDANCE
  2276 | D:4      | 2276 ||| STAIRDANCE
  2283 | D:4      | 2283 ||| STAIRDANCE
  2287 | D:4      | 2287 ||| STAIRDANCE
  2331 | D:4      | 2331 ||| STAIRDANCE
  2335 | D:4      | 2335 ||| STAIRDANCE
  2346 | D:4      | 2346 ||| STAIRDANCE
  2356 | D:4      | 2356 ||| STAIRDANCE
  2360 | D:4      | 2360 ||| STAIRDANCE
  2364 | D:4      | 2364 ||| STAIRDANCE
  2366 | D:3      | 2366 ||| INVOKING Spit Poison.
  2374 | D:4      | 2374 ||| STAIRDANCE
  2378 | D:4      | 2378 ||| STAIRDANCE
  2386 | D:4      | 2386 ||| STAIRDANCE
  2407 | D:4      | 2407 ||| STAIRDANCE
  2431 | D:4      | 2431 ||| INVOKING Spit Poison.
  2435 | D:4      | 2435 ||| INVOKING Spit Poison.
  2438 | D:4      | Reached skill level 6 in Ranged Weapons
  2458 | D:3      | 2458 ||| Stepping randomly (stuck).
  2522 | D:4      | 2522 ||| INVOKING Spit Poison.
  2524 | D:4      | Reached XP level 6. HP: 56/56 MP: 6/6
  2527 | D:4      | Noticed Duvessa
  2529 | D:4      | 2529 ||| INVOKING Spit Poison.
  2532 | D:4      | Noticed Dowan
  2535 | D:4      | 2535 ||| INVOKING Spit Poison.
  2541 | D:4      | 2541 ||| INVOKING Spit Poison.
  2542 | D:4      | Killed Duvessa
  2544 | D:4      | Killed from afar by Dowan

Levels and vault maps discovered:
D:1:      dpeg_arrival_shrine, layout_loops_cross, minmay_statues_item
D:2:      layout_rooms
D:3:      layout_basic, brannock_xom_greatest_gift,
          nicolae_overflow_hidden_temple, hangedman_decor_slide_cut,
          chequers_avenue
D:4:      kennysheep_slugbush, layout_loops_cross, abandoned_shop, uniq_ijyb,
          uniq_duvessa

Skill      XL: |  1  2  3  4  5  6 |
---------------+-------------------+-----
Ranged Weapons | 4 5 6 |  6.0
Fighting       | 3 4 |  4.4
Dodging        | |  1.5
Stealth        | |  1.5

Action                     |  1- 3 |  4- 6 || total
---------------------------+-------+-------++-------
   Fire: Shortbow          |    50 |   106 ||   156
Ability: Spit Poison       |    20 |    35 ||    55
    Use: Scroll            |     1 |     5 ||     6
         Potion            |       |     1 ||     1
 Armour: Leather armour    |     2 |    18 ||    20
  Dodge: Dodged            |     8 |    35 ||    43

Table legend:
 A = Non-vault XP
 B = Vault XP
 C = Vault XP percentage of total XP
 D = Non-vault monster count
 E = Vault monster count
 F = Vault count percentage of total count
                 A         B        C        D         E       F
            +---------+---------+-------+---------+---------+-------
      Total |     334 |     166 |  33.2 |      66 |       7 |   9.6
            +---------+---------+-------+---------+---------+-------
        D:1 |      30 |       0 |   0.0 |      19 |       0 |   0.0
        D:2 |     114 |       0 |   0.0 |      25 |       0 |   0.0
        D:3 |     150 |       0 |   0.0 |      21 |       0 |   0.0
        D:4 |      40 |     166 |  80.6 |       1 |       7 |  87.5
            +---------+---------+-------+---------+---------+-------
